 Dungeon Crawl Stone Soup version 0.15-a0-1766-g0ee8742 (webtiles) character file.

112 Impoz the Shield-Bearer (level 5, -2/42 HPs)
             Began as a Formicid Fighter on June 28, 2014.
             Slain by Grinder (3 damage)
             ... on Level 3 of the Dungeon.
             The game lasted 00:12:09 (3009 turns).

Impoz the Shield-Bearer (Formicid Fighter)          Turns: 3009, Time: 00:12:09

HP  -2/42        AC  7     Str 25      XL: 5   Next: 16%
MP   7/7         EV  8     Int  8      God:
Gold 119         SH 10     Dex 11      Spells:  0 memorised,  4 levels left

rFire  + . .     SeeInvis +     a - +0 long sword
rCold  x . .     Clarity  .     b - +0 scale mail
rNeg   . . .     rCorr    .     c - +0 shield
rPois  .         rRot     .     (helmet unavailable)
rElec  .         Spirit   .     (no cloak)
SustAb .         Warding  .     (no gloves)
rMut   .         Stasis   +     (no boots)
Gourm  .                        (no amulet)
MR     .....                    (no ring)
                                f - ring of fire

@: mighty, not resistant to hostile enchantments, extremely unstealthy
A: permanent stasis, dig shafts and tunnels, four strong arms, antennae 3
a: Dig, Shaft Self


You were on level 3 of the Dungeon.
You were very hungry.

You visited 1 branch of the dungeon, and saw 3 of its levels.

You collected 119 gold pieces.

Inventory:

Hand weapons
 a - a +0 long sword (weapon)
Missiles
 p - 110 stones (quivered)
Armour
 b - a +0 scale mail (worn)
 c - a +0 shield (worn)
Comestibles
 d - 4 bread rations
 m - a beef jerky
 q - 3 slices of pizza
 v - 9 fruits
Scrolls
 h - 5 scrolls of identify {unknown}
 i - 2 scrolls of teleportation {unknown}
 k - 4 scrolls of recharging {unknown}
 l - a scroll of magic mapping {unknown}
 n - a scroll of enchant armour {unknown}
 s - a scroll of fear {unknown}
 t - a scroll of amnesia {unknown}
Jewellery
 f - a ring of fire (left hand)
 j - a +2 ring of strength {unknown}
Potions
 r - a potion of heal wounds {unknown}


   Skills:
 + Level 4.1 Fighting
 + Level 2.8 Long Blades
 - Level 4.0 Armour
 + Level 4.7 Shields


You had 4 spell levels left.
You didn't know any spells.

Dungeon Overview and Level Annotations

Branches:
Dungeon (3/15)

Altars:

Annotations:
D:3 Grinder


Innate Abilities, Weirdness & Mutations

Your are under a permanent stasis effect.
You can dig through walls and to a lower floor.
Your four strong arms can wield two-handed weapons with a shield.
You have a pair of large antennae on your head (SInv).


Message History

You resist with significant effort. Grinder hits you.
You writhe in agony.
You closely miss Grinder.
Grinder is heavily wounded.
Grinder gestures at you.
Your stasis keeps you stable.
Grinder hits you!
* * * LOW HITPOINT WARNING * * *
Drink which item? (? for menu, Esc to quit)
You feel better.
It was a potion of curing.
Grinder hits you!
You writhe in agony.
* * * LOW HITPOINT WARNING * * *
Drink which item? (? for menu, Esc to quit)
You feel very mighty all of a sudden. Grinder hits you.
* * * LOW HITPOINT WARNING * * *
You writhe in agony.
* * * LOW HITPOINT WARNING * * *
Drink which item? (? for menu, Esc to quit)
You feel refreshed.
It was a potion of restore abilities.
Grinder hits you.
You die...

...# #........# ####.# ...#
#....###.###########....# ..##
#.........#.......##....# ..#
#...........♣♣♣♣♣..#....# ..#
#.........♣♣♣♣♣♣♣♣......# ..#
###........♣P≈≈≈≈≈≈♣≈.....###
#####..)#.....P≈P≈≈≈P≈PP♣≈.......
#..###..)...≈≈.≈≈P≈≈≈≈♣♣♣.####
#.## ####...5@...≈...PP≈♣.#
###.#######........((((.....#
#........♣P≈P≈.≈.≈....≈....##
#.#.####≈PP≈≈≈≈≈≈≈≈P..≈≈≈..#
#.#.###≈≈≈P≈≈≈≈≈≈≈PP≈≈≈≈≈..#
#.#..###♣≈≈≈≈≈≈≈≈PP≈P≈≈≈##.#
#.##.# #♣≈♣≈≈≈≈≈≈≈P≈≈P###.#
#.##.## ##♣♣♣≈≈≈≈P≈≈P≈# #.#
#.##..## ##♣P≈≈≈P≈≈# #.#


You could see Grinder.

Vanquished Creatures
  3 adders
  2 worms
  4 orcs (D:3)
  5 giant cockroaches
  11 goblins
  6 hobgoblins
  4 jackals (D:2)
  2 oozes
  2 quokkas (D:3)
  11 bats
  2 giant newts
  7 kobolds
  9 rats
68 creatures vanquished.

Notes
Turn   | Place    | Note
--------------------------------------------------------------
     0 | D:1      | Impoz, the Formicid Fighter, began the quest for the Orb.
     0 | D:1      | Reached XP level 1. HP: 18/18 MP: 1/1
   126 | D:1      | Reached XP level 2. HP: 9/24 MP: 3/3
   566 | D:1      | Reached skill level 4 in Shields
  1115 | D:2      | Reached XP level 3. HP: 29/29 MP: 4/4
  1507 | D:2      | Reached XP level 4. HP: 28/37 MP: 5/5
  2112 | D:3      | Noticed Grinder
  2497 | D:3      | Reached XP level 5. HP: 42/42 MP: 7/7
  3008 | D:3      | HP: 1/42 [Grinder (2)]
  3009 | D:3      | Slain by Grinder

Action                   |  1- 3 |  4- 6 || total
-------------------------+-------+-------++-------
Melee: Long sword        |   143 |   136 ||   279
Throw: Stone             |       |     6 ||     6
 Abil: Dig               |       |     1 ||     1
  Use: Potion            |       |     3 ||     3
